 Dungeon Crawl Stone Soup version 0.19.5 (webtiles) character file.

93 uberloutre the Covered (level 4, -3/42 HPs)
             Began as a Deep Dwarf Fighter on Mar 3, 2017.
             Slain by Grinder (4 damage)
             ... while paralysed by Grinder
             ... on level 3 of the Dungeon.
             The game lasted 00:19:24 (1830 turns).

uberloutre the Covered (Deep Dwarf Fighter)         Turns: 1830, Time: 00:19:25

Health: -3/42      AC: 12    Str: 20    XL:     4   Next: 37%
Magic:  0/2        EV:  2    Int:  9    God:
Gold:   48         SH:  0    Dex: 12    Spells: 0 memorised, 3 levels left

rFire  . . .     SeeInvis .     a - +0 flail
rCold  . . .     Gourm    .     i - +0 plate armour
rNeg   . . .     Faith    .     c - +0 shield
rPois  .         Spirit   +     (no helmet)
rElec  .         Reflect  .     m - +0 cloak
rCorr  .         Harm     .     (no gloves)
MR     .....                    (no boots)
Stlth  ..........               l - amulet of guardian spirit
                                (no ring)
                                (no ring)

@: paralysed, non-regenerating
A: damage resistance, recharge devices, sense surroundings 1, slow regeneration
3
a: Device Recharging


You were on level 3 of the Dungeon.
You were not hungry.

You visited 1 branch of the dungeon, and saw 3 of its levels.

You collected 48 gold pieces.

Inventory:

Hand Weapons
 a - a +0 flail (weapon)
Armour
 c - a +0 shield (worn)
 i - a +0 plate armour (worn)
 m - a +0 cloak (worn)
Jewellery
 g - an uncursed ring of protection from fire {unknown}
 l - an amulet of guardian spirit (around neck)
 p - an uncursed amulet of faith
Wands
 e - a wand of heal wounds (9/9)
Scrolls
 o - a scroll of teleportation
 q - a scroll of remove curse
Potions
 b - a potion of heal wounds {unknown}
 d - a potion of might
 h - a potion of ambrosia {unknown}
 j - a potion of resistance {unknown}
 k - 2 potions of brilliance {unknown}
 n - 2 potions of haste {unknown}
 s - a potion of agility {unknown}
Comestibles
 f - 13 chunks of flesh
 r - a bread ration


   Skills:
 + Level 3.1 Fighting
 + Level 3.1 Maces & Flails
 + Level 4.0 Armour
 + Level 0.4 Dodging
 + Level 3.9 Shields


You had 3 spell levels left.
You didn't know any spells.

Dungeon Overview and Level Annotations

Branches:
Dungeon (3/15)

Altars:
Zin

Annotations:
D:3 Grinder


Innate Abilities, Weirdness & Mutations

You are resistant to damage.
You can recharge devices by infusing magical energy.
You passively map a small area around you.
You do not regenerate.


Message History

Grinder is almost dead.
Grinder hits you but does no damage.
You hit Grinder.
Grinder is almost dead.
Grinder gestures at you.
You suddenly lose the ability to move!
Grinder gestures at you. Pain shoots through your body!
Grinder gestures at you.
You shrug off the repeated paralysis!
Grinder hits you but does no damage. Grinder gestures at you.
Pain shoots through your body!
* * * LOW HITPOINT WARNING * * *
Grinder gestures at you. Pain shoots through your body!
* * * LOW HITPOINT WARNING * * *
Grinder hits you. x2
You writhe in agony.
You die...

#.........#........#
#.........#........#
#.........#........#
#.........#........#
#.........#...#.####
#.........#...#.#
#............##.#
########5######.# #####
, ,#@# #.# #...# ## #.#
#.###.#.#
.#...#.######.....#.###
#>.......[.............)
###.###.####.###.....#.#
* #... #..##.#####.#
#... ##.##.. ... ,
#...., ..#... ....
*##'## #.#......(.


You could see Grinder.

Vanquished Creatures
  3 adders
  2 oozes
  A dart slug (D:1)
  3 leopard geckos
  5 orcs (D:3)
  4 bats
  2 giant cockroaches (D:1)
  3 hobgoblins (D:2)
  A quokka (D:2)
  A ball python (D:3)
  4 frilled lizards
  7 goblins
  6 kobolds
  7 rats
49 creatures vanquished.

Notes
Turn   | Place    | Note
-------+----------+-------------------------------------------
     0 | D:1      | uberloutre the Deep Dwarf Fighter began the quest for the Orb.
     0 | D:1      | Reached XP level 1. HP: 20/20 MP: 1/1
   235 | D:1      | Reached XP level 2. HP: 27/27 MP: 2/2
   936 | D:2      | Reached XP level 3. HP: 29/33 MP: 1/1
  1018 | D:2      | Found a glowing silver altar of Zin.
  1674 | D:3      | Reached skill level 4 in Armour
  1725 | D:3      | Reached XP level 4. HP: 37/42 MP: 0/2
  1801 | D:3      | Noticed Grinder
  1815 | D:3      | Paralysed by Grinder for 6 turns
  1824 | D:3      | Paralysed by Grinder for 7 turns
  1828 | D:3      | HP: 1/42 [Grinder/nerve-wracking pain (3)]
  1830 | D:3      | Slain by Grinder

Skill      XL: |  1  2  3 |
---------------+----------+-----
Maces & Flails | 3 |  3.1
Armour         | 4 |  4.0
Fighting       | 3 |  3.1
Dodging        | |  0.4
Shields        | |  3.9

Action                   |  1- 3 |  4- 6 || total
-------------------------+-------+-------++-------
Melee: Flail             |   177 |    39 ||   216
 Abil: Device Recharging |     2 |       ||     2
Evoke: Wand              |     1 |       ||     1
  Use: Scroll            |     8 |       ||     8
  Eat: Bread ration      |     1 |       ||     1
Armor: Scale mail        |    10 |       ||    10
       Plate armour      |   103 |    28 ||   131
Dodge: Dodged            |    28 |     2 ||    30
Block: Shield            |   108 |    13 ||   121
